 Dungeon Crawl Stone Soup version 0.29-a0-757-g358383bc75 (webtiles) character file.

Game seed: 2597807575800035135

6 DuloT34 the Vexing (level 1, 0/15 HPs)
             Began as a Barachi Arcane Marksman on June 30, 2022.
             Slain by an adder (1 damage)
             ... on level 2 of the Dungeon.
             The game lasted 00:00:31 (269 turns).

DuloT34 the Vexing (Barachi Arcane Marksman)         Turns: 269, Time: 00:00:33

Health: 0/15       AC:  2    Str: 11    XL:     1   Next: 90%
Magic:  1/2        EV: 12    Int: 13    God:
Gold:   22         SH:  0    Dex: 12    Spells: 1/2 levels left

rFire   . . .      SeeInvis .   a - +0 sling
rCold   . . .      Faith    .   (no shield)
rNeg    . . .      Spirit   .   c - +0 robe
rPois   .          Reflect  .   (no helmet)
rElec   .          Harm     .   (no cloak)
rCorr   .          Rampage  .   (no gloves)
Will    .....                   (no boots)
Stlth   +.........              (no amulet)
HPRegen 0.05/turn               (no ring)
MPRegen 0.08/turn               (no ring)

@: unable to hop, slow
A: amphibious, slowness 1, strong legs 1, +LOS
a: Hop


You were on level 2 of the Dungeon.
You visited 1 branch of the dungeon, and saw 2 of its levels.

You collected 22 gold pieces.

Inventory:

Hand Weapons
 a - a +0 sling (weapon)
Armour
 c - a +0 robe (worn)
Scrolls
 b - a scroll of vulnerability
 d - a scroll of identify {unknown}


   Skills:
 - Level 1.2 Fighting
 + Level 2.6 Ranged Weapons
 - Level 2.1 Dodging
 - Level 1.1 Spellcasting
 - Level 3.2 Hexes


You had one spell level left.
You knew the following spells:

 Your Spells              Type           Power      Damage    Failure   Level
a - Slow                  Hex            36%        N/A       8%          1

Your spell library contained the following spells:

 Spells                   Type           Power      Damage    Failure   Level
 Inner Flame              Hex/Fire       4%         N/A       38%         3
 Portal Projectile        Hex/Tloc       8%         N/A       38%         3
 Cause Fear               Hex            4%         N/A       58%         4


Dungeon Overview and Level Annotations

Branches:
Dungeon (1/15)

Altars:


Innate Abilities, Weirdness & Mutations

You are amphibious.
You cover ground slowly.
You can hop short distances.
You have an extended range of vision and can be seen from far away.


Message History

Fire: a) +0 sling
Press: ? - help, Shift-Dir - straight line, f/p - adder
Aim: an adder (sparse dust)
You shoot a sling bullet.
The sling bullet barely misses the kobold.
The sling bullet barely misses the adder.
The kobold throws a stone.
The stone barely misses you.
Fire: a) +0 sling
Press: ? - help, Shift-Dir - straight line, f/p - adder
Aim: an adder (sparse dust)
You shoot a sling bullet. The sling bullet hits the kobold.
You kill the kobold!
Unknown command.
Fire: a) +0 sling
Press: ? - help, Shift-Dir - straight line, f/p - adder
Aim: an adder You shoot a sling bullet.
The sling bullet misses the adder.
Fire: a) +0 sling
Press: ? - help, Shift-Dir - straight line, f/p - adder
Aim: an adder You shoot a sling bullet.
The sling bullet closely misses the adder.
The adder bites you but does no damage.
Okay, then.
Casting: Slow (safe; 8% risk of failure)
Confirm with . or Enter, or press ? or * to list all spells.
Aiming: Slow (safe; 8% risk of failure)
Press: ? - help, Shift-Dir - straight line, f/p - adder
Aim: an adder (chance to affect: 55%)
The adder resists with significant effort.
The adder bites you.
* * * LOW HITPOINT WARNING * * *
The adder bites you but does no damage.
Fire: a) +0 sling
Press: ? - help, Shift-Dir - straight line, f/p - adder
Aim: an adder You shoot a sling bullet.
The sling bullet hits the adder!
The adder is heavily wounded.
The adder bites you.
You die...

#### #########...
........ ..#
?.......##.#
#.@..###########
#..###S#...........####
.......................
..##.##..##############
#. ##)## # #(.#
#.....#..# ........
#.... ........ .......


You could see an adder.

Vanquished Creatures
  A ball python (D:1)
  2 goblins (D:1)
  A kobold (D:2)
  2 rats (D:1)
6 creatures vanquished.

Notes
Turn   | Place    | Note
-------+----------+-------------------------------------------
     0 | D:1      | DuloT34 the Barachi Arcane Marksman began the quest for the
                  | Orb.
     0 | D:1      | Reached XP level 1. HP: 15/15 MP: 2/2
   239 | D:1      | You fall into a shaft and drop 1 floor!
   269 | D:2      | Slain by an adder

Illustrated notes

Levels and vault maps discovered:
D:1:      dpeg_arrival_three_same_balls, layout_loops_cross,
          hellmonk_ecumenical_altar_run_dry
D:2:      layout_rooms, grunt_ministairs_8, roderic_serpentine_path,
          uniq_sigmund

Action                   || total
-------------------------++-------
 Fire: Sling             ||    26
 Cast: Slow              ||     1
 Abil: Hop               ||     1
Armor: Robe              ||     8
Dodge: Dodged            ||    11

Table legend: (Time is in decaauts)
 A = Elapsed time spent in this place.
 B = Non-inter-level travel time spent in this place.
 C = Inter-level travel time spent in this place.
 D = Time resting spent in this place.
 E = Time spent auto-exploring this place.
 F = Levels seen in this place.
 G = Mean time per level.
                   A        B        C        D        E       F      G
               +--------+--------+--------+--------+--------+-----+--------+
         Total |    304 |    304 |      0 |      0 |    254 |   2 |  152.0 |
       Dungeon |    304 |    304 |      0 |      0 |    254 |   2 |  152.0 |
               +--------+--------+--------+--------+--------+-----+--------+

Top non-repeatable levels by time:
     D:1: 268 daAuts
     D:2: 36 daAuts
